 Dungeon Crawl Stone Soup version 0.31-a0-986-g5e6e4ef867 (webtiles) character file.

Game seed: 10549062942442658369

6885 lunkers the Black Belt (level 11, -7/85 HPs)
             Began as a Meteoran Shapeshifter on Nov 8, 2023.
             Was a Priest of Ru.
             Mangled by a komodo dragon (23 damage)
             ... on level 2 of the Lair of Beasts.
             The game lasted 00:11:36 (4982 turns).

lunkers the Black Belt (Meteoran Shapeshifter)      Turns: 4982, Time: 00:11:36

Health: -7/85      AC: 11    Str: 12    XL:     11   Next: 51%
Magic:  12/12      EV: 16    Int: 13    God:    Ru [***...]
Gold:   409        SH:  0    Dex: 18    Spells: 10/10 levels left

rFire   . .          .
                       - Unarmed
rCold   . . .        (shield unavailable)
rNeg    + + .        q - +2 scale mail {rPois}
rPois   +            y - +0 helmet
rElec   .            m - +0 cloak
rCorr   .            A - +0 pair of gloves
SInv    .            (no boots)
Will    +....        (no amulet) Stlth
                     (ring unavailable)
HPRegen 0.34/turn    o - ring "Rinedal" {rN++ EV+5 Str-3}
MPRegen 0.13/turn

%: no passive effects
@: flux-form, glowing
A: glow, contaminating, sense surroundings 2, missing a hand, disrupted magic 1,
otherworldly, glowing, explore regen
a: Begin Untransformation, Renounce Religion, Draw Out Power


You were on level 2 of the Lair of Beasts.
You worshipped Ru.
Ru was most pleased with you.
You were something dangerously unstable.
You visited 2 branches of the dungeon, and saw 12 of its levels.

You collected 409 gold pieces.

Inventory:

Armour
 b - the +0 ring mail of the Abyss {rN++ Str+4}
   (You found it on level 2 of the Dungeon)

   Str+4:     It affects your strength (+4).
   rN++:      It greatly protects you from negative energy.
 m - a +0 cloak (worn)
 q - a +2 scale mail of poison resistance (worn)
 y - a +0 helmet (worn)
 A - a +0 pair of gloves (worn)
Jewellery
 i - a ring of protection from cold
 l - a ring of magical power
 o - the ring "Rinedal" (right hand) {rN++ EV+5 Str-3}
   (You took it off an orc on level 3 of the Dungeon)

   [ring of evasion]

   EV+5:      It affects your evasion (+5).
   Str-3:     It affects your strength (-3).
   rN++:      It greatly protects you from negative energy.
 w - a ring of protection from cold
 C - a +6 ring of intelligence
 D - an amulet of faith
Talismans
 c - a beast talisman
 d - a flux talisman (active)
 r - a maw talisman
Wands
 e - a wand of mindburst (4)
 u - a wand of acid (8)
 F - a wand of paralysis (2)
Scrolls
 f - a scroll of immolation
 h - 2 scrolls of fog
 k - a scroll of silence
 x - a scroll of teleportation
 E - a scroll of torment
Potions
 a - 4 potions of curing
 g - 4 potions of lignification
 j - 3 potions of heal wounds
 n - 2 potions of mutation
 p - a potion of invisibility
 s - a potion of attraction
 t - a potion of enlightenment
 v - a potion of haste
 z - a potion of ambrosia
 B - a potion of berserk rage {unknown}


   Skills:
 + Level 4.8 Fighting
 + Level 5.2 Dodging
 * Level 15.1 Unarmed Combat
 + Level 10.5 Shapeshifting


You had 10 spell levels left.
You didn't know any spells.
Your spell library contained the following spells:

 Spells                   Type           Power      Damage    Failure   Level
 Shock                    Conj/Air       0%         1d3       90%         1
 Poisonous Vapours        Pois/Air       0%         N/A       97%         2
 Scorch                   Fire           0%         2d5       97%         2
 Mephitic Cloud           Conj/Pois/Air  0%         N/A       99%         3
 Swiftness                Air            0%         N/A       99%         3
 Airstrike                Air            0%         2d(0-16)  100%        4
 Flame Wave               Conj/Fire      0%         2d4       100%        4
 Freezing Cloud           Conj/Ice/Air   0%         6-21      100%        5
 Summon Cactus Giant      Summ           0%         N/A       100%        6


Dungeon Overview and Level Annotations

Branches:
Dungeon (10/15) Zot: 1328    Lair (2/5) D:10 Zot: 1018
 Temple: D:4-7        Swamp: Lair:2-3    Shoals: Lair:2-3     Snake: Lair:2-3
 Spider: Lair:2-3       Orc: D:9-12

Altars:
Dithmenos
Elyvilon
Kikubaaqudgha
Makhleb
Nemelex Xobeh
Ru
Trog
Vehumet
Wu Jian
Yredelemnul
The Shining One

Shops:
D:1 (   D:2 [   D:6 *   D:10 *

Annotations:
D:9 3 transporters


Innate Abilities, Weirdness & Mutations

You are something dangerously unstable.
You glow with magical radiation, making you easy to see and hit.
Foes you strike become dangerously contaminated with magical radiation.
You are incapable of wielding weapons or throwing items.
You passively map the area around you.
You are missing a hand.
Your casting is slightly disrupted.
You are easily found by Zot.
You glow in the dark.
You regain HP and MP as you explore.


Message History

No target in view!
Found 6 stones.
There is an open door here.
There is a stone staircase leading down here.
You climb downwards.
There is a stone staircase leading up here.
A komodo dragon comes into view.
The komodo dragon hisses angrily.
Found a ring mail.
A black mamba comes into view.
The komodo dragon bites you.
You focus your inner power and illuminate the komodo dragon in retribution!
You hit the black mamba but do no damage.
The black mamba begins to glow.
The black mamba barely misses you. The komodo dragon misses you.
You barely miss the black mamba.
You redirect the black mamba's attack!
The black mamba closely misses itself.
The komodo dragon bites you!! The black mamba barely misses you.
You punch the black mamba!
The black mamba glows dangerously bright.
The black mamba is moderately wounded.
The black mamba bites you but does no damage.
The komodo dragon bites you!!
* * * LOW HITPOINT WARNING * * *
You hit the black mamba.
The black mamba shudders as magic cascades through it!!!
You kill the black mamba!
Unknown command.
The komodo dragon attacks as it pursues you!
The komodo dragon closely misses you.
Things that are here:
a scroll labelled AWKIFE QOPREI; a black mamba corpse The komodo dragon attacks as it pursues you!
The komodo dragon bites you!!
* * * LOW HITPOINT WARNING * * *
You hit the komodo dragon.
The komodo dragon begins to glow.
The komodo dragon is lightly wounded.
The komodo dragon bites you!!
You die...

##........P.
#........#.
#.........#..
#.......P....,
* ,
#......##....
,,
##...#.##.... ,
, #..P###...[.
, ,
##...#......,,
, ,
**##.p.......,,
, #.#..l.......
, #...........
,
#.............
*,
###...........
, ,
#....#P......
#.....###.....
#P..### *#####*
,, #... * ,,


You could see a komodo dragon (contam, corona).

Vanquished Creatures
  A catoblepas (D:9)
  Pikel (D:7)
  Joseph (D:7)
  2 black mambas
  3 blink frogs (Lair:1)
  Sigmund (D:2)
  3 steam dragons
  Duvessa (D:7)
  An orc warrior (D:10)
  2 ice beasts (D:6)
  5 wolves (Lair:1)
  A black bear (D:6)
  2 ogres (D:6)
  4 centaurs
  3 phantoms
  2 bullfrogs (D:7)
  7 scorpions
  Dowan (D:7)
  15 killer bees
  4 howler monkeys
  3 hounds
  2 jellies (D:4)
  5 orc priests
  Crazy Yiuf (D:2)
  Jessica (D:2)
  Natasha (D:2)
  2 iguanas (D:6)
  2 sleepcaps (D:7)
  5 orc wizards
  4 gnolls (D:6)
  6 adders
  A shadow imp (D:7)
  3 white imps
  2 worms
  A dart slug (D:5)
  37 orcs
  3 endoplasms
  4 giant cockroaches
  3 goblins
  2 hobgoblins
  2 jackals (D:1)
  A quokka (D:5)
  2 ball pythons
  2 bats
  3 frilled lizards
  5 kobolds
  5 rats
168 creatures vanquished.

Notes
Turn   | Place    | Note
-------+----------+-------------------------------------------
     0 | D:1      | lunkers the Meteoran Shapeshifter began the quest for the
                  | Orb.
     0 | D:1      | Reached XP level 1. HP: 16/16 MP: 2/2
    86 | D:1      | Found a faded altar of an unknown god.
   169 | D:1      | Reached skill level 4 in Unarmed Combat
   169 | D:1      | Reached XP level 2. HP: 23/23 MP: 3/3
   331 | D:1      | Found Kawegg's Antique Weapon Boutique.
   502 | D:1      | Glimpsed the power of Zot.
   639 | D:2      | Reached XP level 3. HP: 28/28 MP: 4/4
   653 | D:2      | Found Ergholuq's Antique Armour Boutique.
   693 | D:2      | Noticed Sigmund
   695 | D:2      | Noticed Jessica
   706 | D:2      | Killed Sigmund
   707 | D:2      | Reached skill level 6 in Unarmed Combat
   707 | D:2      | Reached XP level 4. HP: 35/35 MP: 5/5
   707 | D:2      | Reached XP level 5. HP: 40/40 MP: 6/6
   707 | D:2      | Reached XP level 6. HP: 47/47 MP: 7/7
   708 | D:2      | Killed Jessica
   709 | D:2      | Reached skill level 5 in Shapeshifting
   799 | D:2      | Noticed Natasha
   806 | D:2      | Killed Natasha
   892 | D:2      | Identified the +0 ring mail of the Abyss {rN++ Str+4}
   963 | D:2      | Found a runed translucent door.
   964 | D:2      | Noticed Crazy Yiuf
   972 | D:2      | Killed Crazy Yiuf
   973 | D:2      | Reached skill level 7 in Unarmed Combat
   983 | D:2      | HP: 2/47 [poisoned by Crazy Yiuf]
  1268 | D:3      | Identified the ring "Rinedal" {rN++ EV+5 Str-3}
  1467 | D:4      | Reached XP level 7. HP: 27/52 MP: 8/8
  1533 | D:4      | Reached skill level 8 in Unarmed Combat
  1740 | D:4      | Found a white marble altar of Elyvilon.
  1740 | D:4      | Found a sacrificial altar of Ru.
  1741 | D:4      | Found an ancient bone altar of Kikubaaqudgha.
  1749 | D:4      | Found a bloodstained altar of Trog.
  1753 | D:4      | Became a worshipper of Ru the Awakened
  1848 | D:4      | Reached XP level 8. HP: 52/59 MP: 9/9
  1907 | D:5      | Entered Level 5 of the Dungeon
  1994 | D:5      | Reached skill level 9 in Unarmed Combat
  2116 | D:5      | Found a radiant altar of Vehumet.
  2262 | D:6      | Reached skill level 10 in Unarmed Combat
  2283 | D:6      | Found Jadiuthre's Fire Supplies.
  2288 | D:6      | Gained mutation: You passively map the area around you.
                  | [Meteoran growth]
  2288 | D:6      | Reached XP level 9. HP: 64/64 MP: 10/10
  2378 | D:6      | Reached skill level 11 in Unarmed Combat
  2420 | D:6      | Gained mutation: You are missing a hand. [Ru sacrifice]
  2420 | D:6      | Reached * piety under Ru
  2420 | D:6      | Reached ** piety under Ru
  2690 | D:6      | Reached skill level 12 in Unarmed Combat
  2955 | D:7      | Found a glowing golden altar of the Shining One.
  3029 | D:7      | Found an ornate altar of the Wu Jian Council.
  3066 | D:7      | Noticed Joseph
  3086 | D:7      | Killed Joseph
  3087 | D:7      | Reached XP level 10. HP: 54/71 MP: 11/11
  3096 | D:7      | Noticed Pikel
  3117 | D:7      | Killed Pikel
  3118 | D:7      | Reached skill level 13 in Unarmed Combat
  3123 | D:7      | Noticed Duvessa
  3124 | D:7      | Noticed Dowan
  3130 | D:7      | Killed Duvessa
  3134 | D:7      | Killed Dowan
  3538 | D:8      | Found a basalt altar of Yredelemnul.
  3561 | D:8      | Found a shadowy altar of Dithmenos.
  3941 | D:9      | Reached skill level 14 in Unarmed Combat
  4005 | D:9      | Gained mutation: Your casting is slightly disrupted. [Ru
                  | sacrifice]
  4005 | D:9      | Reached *** piety under Ru
  4135 | D:9      | Found a transporter.
  4138 | D:9      | Found a transporter.
  4142 | D:9      | Found a transporter.
  4280 | D:9      | Noticed a catoblepas
  4299 | D:9      | Killed a catoblepas
  4300 | D:9      | Reached XP level 11. HP: 49/82 MP: 12/12
  4516 | D:10     | Entered Level 10 of the Dungeon
  4516 | D:10     | Found Jilief's Assorted Antiques.
  4599 | D:10     | Reached skill level 10 in Shapeshifting
  4675 | D:10     | Found a burning altar of Makhleb.
  4676 | D:10     | Noticed a blizzard demon
  4744 | D:10     | Found a staircase to the Lair.
  4768 | D:10     | Found a sparkling altar of Nemelex Xobeh.
  4787 | Lair:1   | Entered Level 1 of the Lair of Beasts
  4875 | Lair:1   | Noticed a black mamba
  4888 | Lair:1   | Killed a black mamba
  4904 | Lair:1   | Reached skill level 5 in Dodging
  4904 | Lair:1   | Reached skill level 15 in Unarmed Combat
  4974 | Lair:2   | Noticed a black mamba
  4979 | Lair:2   | Killed a black mamba
  4982 | Lair:2   | Mangled by a komodo dragon

Illustrated notes

Levels and vault maps discovered:
D:1:      minmay_arrival_four_loops, layout_basic, serial_shops, shop,
          ebering_ecumenical_altar_hall, corexii_item_surrounded_by_moat
D:2:      layout_basic, serial_shops, nicolae_shop_tiny_real_fake_doors,
          uniq_crazy_yiuf_cottage, uniq_sigmund, uniq_jessica, uniq_natasha
D:3:      layout_basic, kennysheep_generic_room_9
D:4:      layout_loops_ring, nicolae_overflow_quartered_altars, temple_doors_cd,
          chequers_serial_rivers_micro_d, serial_park_tiny_1,
          chequers_serial_rivers_micro_a
D:5:      layout_rooms, vehumet_crystals, kennysheep_donut
D:6:      layout_loops_ring, nicolae_shop_fire_sale [nicolae_sub_dead_trees],
          corexii_item_surrounded_by_moat, minmay_circle_x
D:7:      layout_basic, pdpol_wu_jian_five_deadly_venoms,
          mainiacjoe_overflow_concentric_impassable, uniq_joseph, uniq_duvessa,
          uniq_pikel
D:8:      layout_loops_corners, grunt_temple_overflow_open, roderic_batcave
D:9:      layout_basic, lemuel_doored_altar, grunt_ministairs_1,
          nicolae_transporter_circle
D:10:     layout_roguey [special_room_orc], general_overflow_altar,
          makhleb_altar_promises_db, amethyst_overflow_temple_binary,
          lair_entry_dummy, serial_shops, shop
Lair:1:   layout_regular_city, beast_lair_carwin_6
Lair:2:   layout_cave_pods, minmay_swamp_entry_wisps,
          spider_nest_entry_web_field, gammafunk_ghost_ooze

Skill      XL: |  1  2  3  4  5  6  7  8  9 10 11 |
---------------+----------------------------------+-----
Unarmed Combat | 4 6 7 8 10 12 14 15 | 15.1
Shapeshifting  | 4 5 6 7 8 9 10 | 10.5
Fighting       | 3 4 |  4.8
Dodging        | 4 5 |  5.2

Action                     |  1- 3 |  4- 6 |  7- 9 | 10-12 || total
---------------------------+-------+-------+-------+-------++-------
  Melee: Unarmed           |    49 |    62 |   252 |   248 ||   611
         Punch             |     3 |       |       |       ||     3
 Invoke: Sacrifice a Hand  |       |       |     1 |       ||     1
         Sacrifice Essence |       |       |       |     1 ||     1
    Use: Potion            |     1 |       |       |       ||     1
         Scroll            |       |       |    12 |     4 ||    16
   Stab: Distracted        |       |       |     1 |     1 ||     2
         Invisible         |       |       |       |     3 ||     3
 Armour: Animal skin       |     5 |       |       |       ||     5
         Ring mail         |    17 |    26 |    30 |       ||    73
         Skin              |    18 |    14 |       |       ||    32
         Scale mail        |       |       |    85 |   150 ||   235
  Dodge: Dodged            |    30 |    24 |   147 |   151 ||   352
   Form: Flux              |       |     1 |       |       ||     1

Table legend: (Time is in decaauts)
 A = Elapsed time spent in this place.
 B = Non-inter-level travel time spent in this place.
 C = Inter-level travel time spent in this place.
 D = Time resting spent in this place.
 E = Time spent auto-exploring this place.
 F = Levels seen in this place.
 G = Mean time per level.
                   A        B        C        D        E       F      G
               +--------+--------+--------+--------+--------+-----+--------+
         Total |   4852 |   4729 |    123 |      0 |   3500 |  12 |  404.3 |
       Dungeon |   4671 |   4549 |    122 |      0 |   3392 |  10 |  467.1 |
          Lair |    181 |    181 |      0 |      0 |    108 |   2 |   90.5 |
               +--------+--------+--------+--------+--------+-----+--------+

Top non-repeatable levels by time:
     D:7: 703 daAuts
     D:9: 615 daAuts
     D:6: 576 daAuts
     D:2: 547 daAuts
     D:1: 519 daAuts
     D:4: 438 daAuts
     D:3: 380 daAuts
     D:8: 338 daAuts
     D:5: 292 daAuts
    D:10: 258 daAuts
  Lair:1: 163 daAuts
  Lair:2: 17 daAuts
